 Dungeon Crawl Stone Soup version 0.31-a0-208-gdb31a4691d (webtiles) character file.

Game seed: 6600834397015719594

34149 h0peless the Slicer (level 13, 100/100 HPs)
             Began as a Gnoll Wanderer on June 27, 2023.
             Was a Believer of Ashenzari.
             Quit the game on level 3 of the Lair of Beasts on June 28, 2023.
             The game lasted 01:52:24 (20618 turns).

h0peless the Slicer (Gnoll Wanderer)               Turns: 20618, Time: 01:52:25

Health: 100/100    AC:  8    Str: 13    XL:     13   Next: 75%
Magic:  26/26      EV: 16    Int: 21    God:    Ashenzari [**....]
Gold:   85         SH:  0    Dex: 12    Spells: 4/30 levels left

rFire   + . .        b - +3 orcbow (flame)
rCold   x . .        (shield currently unavailable)
rNeg    . . .        n - +1 robe of Ashenzari's Prison {Will+, Cun, Evo} (curse)
rPois   .            M - +0 helmet "Shattered With Me" {Range, Bglg} (curse)
rElec   .            y - +2 cloak of the Fated Morality {Range, Elem} (curse)
rCorr   .            (no gloves)
SInv    +            (no boots)
Will    +....        m - amulet of regeneration
Stlth   ++++         D - ring of fire
HPRegen 1.16/turn    H - ring "Share My Fortune-Teller" {Int+6, Bglg, Range} (curse)
MPRegen 0.20/turn

%: no passive effects
@: studying Short Blades
A: fangs 1, strong nose, distributed training
a: Renounce Religion, Curse Item, Shatter the Chains


You were on level 3 of the Lair of Beasts.
You worshipped Ashenzari.
Ashenzari was pleased with you.
You visited 3 branches of the dungeon, and saw 15 of its levels.
You also visited: Gauntlet and Ice Cave.

You collected 782 gold pieces.
You spent 697 gold pieces at shops.

Inventory:

Hand Weapons
 a - the +3 Elemental Staff {rElec rF+ rC+ AC+3}
   (You acquired it on level 3 of the Lair of Beasts)

   It enhances your fire, ice, earth and air magic.
   AC:        It affects your AC (+3).
   rF:        It protects you from fire.
   rC:        It protects you from cold.
   rElec:     It insulates you from electricity.
 b - a +3 orcbow of flaming (weapon)
 z - the +7 lajatang of Order {silver, rMut}
   (You took it off a minotaur in a Gauntlet)

   rMut:      It protects you from mutation.
 K - a +1 rapier of venom
 O - a +3 orcbow
Missiles
 Q - 4 javelins
 R - 3 curare-tipped darts
Armour
 n - the cursed +1 robe of Ashenzari's Prison (worn) {Will+, Cun, Evo}
   (You took it off Jessica on level 2 of the Dungeon)

   It has a curse which improves the following skills: Cunning: Dodging and
   Stealth.
   Evocations: Evocations.
 y - the cursed +2 cloak of the Fated Morality (worn) {Range, Elem}
   (You found it on level 8 of the Dungeon)

   It has a curse which improves the following skills: Ranged Combat: Ranged
   Weapons and Throwing.
   Elements:  Fire Magic, Ice Magic, Air Magic and Earth Magic.
 M - the cursed +0 helmet "Shattered With Me" (worn) {Range, Bglg}
   (You found it on level 10 of the Dungeon)

   It has a curse which improves the following skills: Ranged Combat: Ranged
   Weapons and Throwing.
   Beguiling: Conjurations, Hexes and Translocations.
 W - a +2 cloak
Jewellery
 e - a ring of ice
 h - a ring of willpower
 m - an amulet of regeneration (around neck)
 o - a ring of resist corrosion
 p - an amulet of reflection
 q - a ring of wizardry
 D - a ring of fire (left hand)
 H - the cursed ring "Share My Fortune-Teller" (right hand) {Int+6, Bglg, Range}
   (You found it on level 8 of the Dungeon)

   [ring of intelligence]

   Int:       It affects your intelligence (+6).
   It has a curse which improves the following skills: Beguiling: Conjurations,
   Hexes and Translocations.
   Ranged Combat: Ranged Weapons and Throwing.
 I - a ring of protection from fire
Wands
 d - a wand of flame (13)
 f - a wand of digging (15)
 r - a wand of iceblast (9)
 s - a wand of paralysis (10)
 A - a wand of polymorph (6)
 P - a wand of quicksilver (13)
 S - a wand of mindburst (3)
Scrolls
 c - 2 scrolls of immolation
 u - a scroll of fear
 v - 3 scrolls of fog
 F - 2 scrolls of teleportation
 G - 2 scrolls of silence
 J - 2 scrolls of blinking
 T - 2 scrolls of revelation
 U - a scroll of poison
 V - a scroll of enchant armour
Potions
 g - a potion of enlightenment
 i - 3 potions of berserk rage
 j - a potion of resistance
 k - a potion of lignification
 l - 6 potions of curing
 t - 4 potions of attraction
 w - 4 potions of degeneration
 x - 2 potions of magic
 C - 3 potions of mutation
 E - a potion of haste
 L - a potion of ambrosia
 N - 3 potions of brilliance
Miscellaneous
 B - a box of beasts


   Skills:
 + Level 8.9 Fighting
 + Level 11.6 Short Blades
 + Level 8.9 Long Blades
 + Level 8.9 Axes
 + Level 8.9 Maces & Flails
 + Level 8.9 Polearms
 + Level 8.9 Staves
 + Level 8.9(11.2) Ranged Weapons
 + Level 8.9(11.2) Throwing
 + Level 8.9 Armour
 + Level 8.9(10.1) Dodging
 + Level 8.9(10.1) Stealth
 + Level 8.9 Shields
 + Level 8.9 Unarmed Combat
 + Level 9.4 Spellcasting
 + Level 9.3(11.0) Conjurations
 + Level 7.4(9.2) Hexes
 + Level 7.4 Summonings
 + Level 7.4 Necromancy
 + Level 7.4(9.2) Translocations
 + Level 7.4 Transmutations
 + Level 7.4(8.6) Fire Magic
 + Level 7.4(8.6) Ice Magic
 + Level 11.4(12.5) Air Magic
 + Level 7.4(8.6) Earth Magic
 + Level 7.4 Poison Magic
 + Level 9.7 Invocations
 + Level 9.3(10.4) Evocations


You had 4 spell levels left.
You knew the following spells:

 Your Spells              Type           Power      Damage    Failure   Level
a - Shock                 Conj/Air       100%       1d9       1%          1
b - Blink                 Tloc           96%        N/A       1%          2
c - Freezing Cloud        Conj/Ice/Air   26%        6-21      2%          5
d - Static Discharge      Conj/Air       100%       2-7/arc   1%          2
f - Fireball              Conj/Fire      33%        3d14      3%          5
p - Plasma Beam           Fire/Air       34%        2x1d47    14%         6
r - Frozen Ramparts       Ice            92%        1d14      1%          3
s - Searing Ray           Conj           100%       2d8       1%          2

Your spell library contained the following spells:

 Spells                   Type           Power      Damage    Failure   Level
 Beastly Appendage        Tmut           82%        N/A       1%          1
 Foxfire                  Conj/Fire      100%       2x1d9     1%          1
 Freeze                   Ice            100%       1d10      1%          1
 Cigotuvi's Dreadful Rot  Necr/Pois/Air  96%        N/A       1%          2
 Ensorcelled Hibernation  Hex/Ice        94%        N/A       1%          2
 Lesser Beckoning         Tloc           96%        N/A       1%          2
 Momentum Strike          Conj/Tloc      100%       3d10      1%          2
 Poisonous Vapours        Pois/Air       100%       N/A       1%          2
 Wereblood                Tmut           41%        N/A       1%          2
 Hailstorm                Conj/Ice       50%        3d11      1%          3
 Mephitic Cloud           Conj/Pois/Air  52%        N/A       1%          3
 Spider Form              Tmut/Pois      41%        N/A       1%          3
 Vhi's Electric Charge    Tloc/Air       100%       N/A       1%          3
 Anguish                  Hex/Necr       22%        N/A       2%          4
 Arcjolt                  Conj/Air       28%        1d38      1%          5
 Summon Forest            Summ/Tloc      22%        N/A       6%          5
 Starburst                Conj/Fire      33%        6d10      19%         6
 Eringya's Noxious Bog    Tmut/Pois      20%        N/A       45%         6
 Summon Hydra             Summ           20%        N/A       95%         7
 Maxwell's Capacitive Co  Air            29%        ∞         95%         8


Dungeon Overview and Level Annotations

Branches:
Dungeon (11/15)            Temple (1/1) D:7            Lair (3/5) D:11
  Swamp (0/4) Lair:3       Spider (0/4) Lair:3        IceCv (visited)
Gauntlet (visited)
    Orc: D:9-12

Altars:
Ashenzari
Cheibriados
Dithmenos
Elyvilon
Fedhas
Gozag
Hepliaklqana
Kikubaaqudgha
Makhleb
Nemelex Xobeh
Okawaru
Qazlal
Ru
Sif Muna
Trog
Uskayaw
Vehumet
Wu Jian
Xom
Yredelemnul
Zin
The Shining One

Shops:
D:4 *   D:8 *

Portals:
Trove: D:10 (give +6 demon trident)


Innate Abilities, Weirdness & Mutations

You have very sharp teeth.
Your uncanny sense of smell can sniff out nearby items.
Your experience applies equally to all skills.


Message History

The yak is engulfed in freezing vapours.
You kill the yak!
A yak comes into view.
The yak is engulfed in freezing vapours.
You kill the yak!
The yak is engulfed in freezing vapours.
You shoot an arrow. The arrow barely misses the yak.
The yak bellows!
The yak is engulfed in freezing vapours.
A bullfrog comes into view.
You shoot an arrow. The bullfrog gives a loud, deep croak!
The arrow hits the yak.
The arrow burns the yak.
You kill the yak!
The yak is engulfed in freezing vapours.
You shoot an arrow. The arrow hits the yak.
The arrow burns the yak.
The yak is moderately wounded.
The yak is engulfed in freezing vapours.
The bullfrog is engulfed in freezing vapours.
You shoot an arrow. The arrow hits the yak!
The arrow burns the yak.
The yak is severely wounded.
The bullfrog is engulfed in freezing vapours.
The bullfrog seems to slow down.
The yak is engulfed in freezing vapours.
You shoot an arrow. The arrow hits the yak!
The arrow burns the yak.
You kill the yak!
The bullfrog is engulfed in freezing vapours.
You kill the bullfrog!
No target in view!
No target in view!
No target in view!
You see here a yak corpse.
J - 2 scrolls of blinking (gained 1)
You see here a +2 cloak.
W - a +2 cloak Ashenzari invites you to partake of a vision and a curse of fortitude and elements.
Annotate which branch? (. - Lair:3, ? - help, ! - show branch list)
Okay, then.
Okay, then.
Are you sure you want to abandon this character and quit the game? (Confirm with "yes".)

, ......##P#.#P#.####. * *
#....#. ######### ## #....#** #
##....# # , #.....### # ...#
*#....#.* # .... #.....#* ##
...####### #....# ## #.
.....##..####...@#####.#########.
...............................P.
.................................
.................................
.................................
...####P####.#.########.#.....###
..## ### ##### # ##.....# ...#
##....## ..## #.†....#


There were no monsters in sight!

Vanquished Creatures
  A minotaur (Gauntlet)
  A hydra (Lair:3)
  7 two-headed ogres
  Sonja (Lair:1)
  A soul eater (Gauntlet)
  2 skysharks (Lair:3)
  A pharaoh ant (Lair:3)
  An ugly thing (D:11)
  4 elephants (Lair:3)
  4 black mambas
  4 cane toads
  A gargoyle (D:11)
  3 rime drakes
  Psyche (D:9)
  3 komodo dragons
  2 ice devils (IceCv)
  5 polar bears
  3 trolls
  Grinder (D:5)
  A tarantella (Lair:3)
  11 blink frogs
  Prince Ribbit (D:8)
  3 wyverns
  Sigmund (D:5)
  A shadow (D:10)
  Eustachio (D:5)
  2 wraiths (D:10)
  29 yaks
  A basilisk (Lair:2)
  A death yak simulacrum (IceCv)
  3 redbacks (Lair:3)
  An acid dragon (D:11)
  10 water moccasins
  Duvessa (D:7)
  7 orc warriors
  2 sky beasts
  3 black bears
  3 ice beasts
  14 wolves
  A boggart (Gauntlet)
  3 phantoms
  5 centaurs
  4 kobold brigands
  19 bullfrogs
  A gnoll sergeant (D:6)
  9 scorpions
  9 wights
  Dowan (D:7)
  15 killer bees
  2 elephant simulacra (IceCv)
  8 howler monkeys
  2 hounds
  2 jellies
  2 orc priests (D:8)
  A sleepcap (D:8)
  Jessica (D:2)
  13 orc wizards
  6 iguanas
  A troll simulacrum (IceCv)
  3 gnolls (D:3)
  8 adders
  2 shadow imps (Gauntlet)
  3 white imps
  An ufetubus (D:6)
  A worm (D:4)
  28 orcs
  8 ball pythons
  2 bats (D:3)
  7 endoplasms
  3 giant cockroaches
  8 goblins
  7 hobgoblins
  22 kobolds
  4 quokkas
  6 frilled lizards
  5 rats
365 creatures vanquished.

Notes
Turn   | Place    | Note
-------+----------+-------------------------------------------
     0 | D:1      | h0peless the Gnoll Wanderer began the quest for the Orb.
     0 | D:1      | h0peless set off with the following items: a +0 club, a
                  | potion of brilliance, a +0 robe, a wand of flame (7); and
                  | the following spell memorised: Shock; and the following
                  | spells available to memorise: Static Discharge, Searing
                  | Ray, Cigotuvi's Dreadful Rot, Vhi's Electric Charge.
     0 | D:1      | Reached XP level 1. HP: 13/13 MP: 4/4
   106 | D:1      | You fall into a shaft and drop 1 floor!
   456 | D:1      | Reached XP level 2. HP: 19/19 MP: 5/5
   827 | D:1      | Reached XP level 3. HP: 25/25 MP: 7/7
  1402 | D:2      | Noticed Jessica
  1535 | D:2      | Reached skill level 1 in Invocations
  1743 | D:2      | Reached skill level 1 in Fighting
  1743 | D:2      | Reached skill level 1 in Short Blades
  1743 | D:2      | Reached skill level 1 in Long Blades
  1743 | D:2      | Reached skill level 1 in Axes
  1743 | D:2      | Reached skill level 1 in Maces & Flails
  1743 | D:2      | Reached skill level 1 in Polearms
  1743 | D:2      | Reached skill level 1 in Staves
  1743 | D:2      | Reached skill level 1 in Ranged Weapons
  1743 | D:2      | Reached skill level 1 in Throwing
  1743 | D:2      | Reached skill level 1 in Armour
  1743 | D:2      | Reached skill level 1 in Dodging
  1743 | D:2      | Reached skill level 1 in Stealth
  1743 | D:2      | Reached skill level 1 in Shields
  1743 | D:2      | Reached skill level 1 in Unarmed Combat
  1998 | D:2      | Killed Jessica
  1999 | D:2      | Reached XP level 4. HP: 32/32 MP: 8/8
  2107 | D:3      | Learned a level 2 spell: Static Discharge
  2110 | D:3      | Learned a level 2 spell: Searing Ray
  2116 | D:3      | Reached skill level 1 in Hexes
  2116 | D:3      | Reached skill level 1 in Summonings
  2116 | D:3      | Reached skill level 1 in Necromancy
  2116 | D:3      | Reached skill level 1 in Translocations
  2116 | D:3      | Reached skill level 1 in Transmutations
  2116 | D:3      | Reached skill level 1 in Fire Magic
  2116 | D:3      | Reached skill level 1 in Ice Magic
  2116 | D:3      | Reached skill level 1 in Earth Magic
  2116 | D:3      | Reached skill level 1 in Poison Magic
  2478 | D:3      | Reached XP level 5. HP: 37/37 MP: 9/9
  2711 | D:3      | Found a sacrificial altar of Ru.
  3092 | D:4      | Found Fnitash's Fabulous Fripperies.
  3101 | D:4      | Bought a scroll of fear for 52 gold pieces
  3101 | D:4      | Bought a scroll of fog for 52 gold pieces
  3519 | D:4      | Reached XP level 6. HP: 35/44 MP: 11/11
  4269 | D:5      | Entered Level 5 of the Dungeon
  4351 | D:5      | Noticed an orc warrior
  4574 | D:5      | Reached XP level 7. HP: 38/51 MP: 12/12
  4737 | D:5      | Noticed Grinder
  4841 | D:5      | Noticed Sigmund
  5021 | D:5      | Noticed Eustachio
  5248 | D:5      | Killed Sigmund
  5670 | D:5      | Reached XP level 8. HP: 45/58 MP: 14/14
  6061 | D:5      | Killed Grinder
  6258 | D:4      | Learned a level 3 spell: Frozen Ramparts
  6367 | D:5      | Killed Eustachio
  6638 | D:6      | Reached XP level 9. HP: 43/65 MP: 15/16
  6707 | D:6      | Identified the +0 robe of the Beekeeper {+Blink Stlth+}
  6718 | D:5      | Reached skill level 5 in Spellcasting
  6787 | D:6      | Reached skill level 5 in Evocations
  7366 | D:6      | Reached skill level 5 in Invocations
  7649 | D:6      | Found an iron altar of Okawaru.
  7649 | D:6      | Found a bloodstained altar of Trog.
  7792 | D:7      | Reached skill level 5 in Short Blades
  8134 | D:7      | Noticed Dowan
  8154 | D:7      | Found a staircase to the Ecumenical Temple.
  8163 | Temple   | Entered the Ecumenical Temple
  8540 | Temple   | Became a worshipper of Ashenzari the Shackled
  8567 | D:7      | Reached skill level 5 in Fighting
  8567 | D:7      | Reached skill level 5 in Long Blades
  8567 | D:7      | Reached skill level 5 in Axes
  8567 | D:7      | Reached skill level 5 in Maces & Flails
  8567 | D:7      | Reached skill level 5 in Polearms
  8567 | D:7      | Reached skill level 5 in Staves
  8567 | D:7      | Reached skill level 5 in Ranged Weapons
  8567 | D:7      | Reached skill level 5 in Throwing
  8567 | D:7      | Reached skill level 5 in Armour
  8567 | D:7      | Reached skill level 5 in Dodging
  8567 | D:7      | Reached skill level 5 in Stealth
  8567 | D:7      | Reached skill level 5 in Shields
  8567 | D:7      | Reached skill level 5 in Unarmed Combat
  8567 | D:7      | Reached XP level 10. HP: 55/73 MP: 13/18
  8768 | D:7      | Noticed Duvessa
  8803 | D:7      | Killed Duvessa
  8809 | D:7      | Killed Dowan
  9508 | D:8      | Noticed a two-headed ogre
  9510 | D:8      | Noticed Prince Ribbit
  9518 | D:8      | Killed a two-headed ogre
  9520 | D:8      | Killed Prince Ribbit
  9555 | D:8      | Reached skill level 10 in Air Magic
  9953 | D:8      | Noticed a two-headed ogre
  9994 | D:8      | Killed a two-headed ogre
 10215 | D:8      | Learned a level 5 spell: Freezing Cloud
 10255 | D:8      | Identified the +2 spear "Cihafics" {heavy, Str+4 Int-2}
 10298 | D:8      | Found Piseesoo's Assorted Antiques.
 10304 | D:8      | Bought a scroll labelled INIDDE GUBLY for 21 gold pieces
 10483 | D:9      | Noticed Psyche
 10619 | D:9      | Reached skill level 5 in Hexes
 10619 | D:9      | Reached skill level 5 in Summonings
 10619 | D:9      | Reached skill level 5 in Necromancy
 10619 | D:9      | Reached skill level 5 in Translocations
 10619 | D:9      | Reached skill level 5 in Transmutations
 10619 | D:9      | Reached skill level 5 in Fire Magic
 10619 | D:9      | Reached skill level 5 in Ice Magic
 10619 | D:9      | Reached skill level 5 in Earth Magic
 10619 | D:9      | Reached skill level 5 in Poison Magic
 10619 | D:9      | Upgraded the game from 0.31-a0-204-g7da18cac08 to
                  | 0.31-a0-208-gdb31a4691d
 10665 | D:9      | Noticed a two-headed ogre
 10671 | D:9      | Killed a two-headed ogre
 10672 | D:9      | Reached XP level 11. HP: 66/81 MP: 10/21
 10706 | D:9      | Killed Psyche
 11842 | D:10     | Entered Level 10 of the Dungeon
 11853 | D:10     | Noticed a two-headed ogre
 11858 | D:10     | Killed a two-headed ogre
 12882 | D:10     | Noticed a two-headed ogre
 12889 | D:10     | Killed a two-headed ogre
 13069 | D:10     | Found a portal to a secret trove of treasure.
 13426 | D:11     | Noticed a two-headed ogre
 13460 | D:11     | Killed a two-headed ogre
 13481 | D:11     | Reached XP level 12. HP: 85/91 MP: 3/23
 13810 | D:11     | Found a staircase to the Lair.
 14028 | D:11     | Noticed a two-headed ogre
 14052 | D:11     | Killed a two-headed ogre
 14179 | D:11     | Reached * piety under Ashenzari
 14548 | Lair:1   | Entered Level 1 of the Lair of Beasts
 14999 | Lair:1   | Reached ** piety under Ashenzari
 15080 | Lair:1   | Found a frozen archway.
 15166 | IceCv    | Entered an ice cave
 15738 | Lair:1   | Noticed Sonja
 16034 | Lair:1   | Killed Sonja
 16038 | Lair:1   | Reached skill level 10 in Short Blades
 17456 | Lair:2   | Reached XP level 13. HP: 98/98 MP: 19/25
 17990 | D:4      | Bought a book of Fire for 572 gold pieces
 17996 | D:4      | Learned a level 5 spell: Fireball
 18003 | D:4      | Learned a level 6 spell: Plasma Beam
 18392 | Lair:3   | Found a gate leading to a gauntlet.
 18561 | Gauntlet | Entered a Gauntlet
 18561 | Gauntlet | Found a transporter.
 18624 | Gauntlet | Found a transporter.
 18639 | Gauntlet | Found a transporter.
 18641 | Gauntlet | Found a large runed translucent door.
 18641 | Gauntlet | Found a large runed translucent door.
 18642 | Gauntlet | Found a large runed translucent door.
 18642 | Gauntlet | Found a large runed translucent door.
 18643 | Gauntlet | Found a large runed translucent door.
 18643 | Gauntlet | Found a large runed translucent door.
 18643 | Gauntlet | Found a runed translucent door.
 18643 | Gauntlet | Found a runed translucent door.
 18643 | Gauntlet | Found a large runed translucent door.
 18644 | Gauntlet | Found a transporter.
 18644 | Gauntlet | Noticed a quicksilver ooze
 18659 | Gauntlet | Found a transporter.
 18674 | Gauntlet | Found a large runed translucent door.
 18675 | Gauntlet | Found a large runed translucent door.
 18676 | Gauntlet | Found a large runed translucent door.
 18676 | Gauntlet | Found a large runed translucent door.
 18676 | Gauntlet | Identified the +0 helmet of Insurance {Regen+ Int+2}
 18677 | Gauntlet | Found a runed translucent gate.
 18678 | Gauntlet | Found a transporter.
 18678 | Gauntlet | Found a runed translucent gate.
 18679 | Gauntlet | Found a runed translucent gate.
 18680 | Gauntlet | Found a large runed translucent door.
 18680 | Gauntlet | Found a large runed translucent door.
 18680 | Gauntlet | Identified the +6 chain mail of the End {Str+8 Dex-5}
 18681 | Gauntlet | Found a large runed translucent door.
 18682 | Gauntlet | Found a large runed translucent door.
 18690 | Gauntlet | Found a transporter.
 18702 | Gauntlet | Found a transporter.
 18703 | Gauntlet | Identified a scroll of acquirement
 18712 | Gauntlet | Identified the +1 pair of gloves of Supple Strength {rElec
                  | rPois Int+2 Dex-5}
 18714 | Gauntlet | Found a transporter.
 18720 | Gauntlet | Found a transporter.
 18720 | Gauntlet | Found a transporter.
 18733 | Gauntlet | Found the brooch of Shielding {Spirit SH+8}
 18735 | Gauntlet | Found a transporter.
 18752 | Gauntlet | Found a transporter.
 18772 | Gauntlet | Found a transporter.
 18799 | Gauntlet | Found a transporter.
 18799 | Gauntlet | Found a transporter.
 18819 | Gauntlet | Found a transporter.
 18893 | Gauntlet | Found a large runed translucent door.
 18897 | Gauntlet | Found a transporter.
 19205 | Gauntlet | Noticed a minotaur
 19239 | Gauntlet | Killed a minotaur
 19433 | Lair:3   | Acquired the +3 Elemental Staff {rElec rF+ rC+ AC+3}
 19433 | Lair:3   | Found the +3 Elemental Staff {rElec rF+ rC+ AC+3}
 19571 | Lair:3   | Found a hole to the Spider Nest.
 19687 | Lair:3   | Found a staircase to the Swamp.
 19773 | Lair:3   | Learned a level 2 spell: Blink
 20618 | Lair:3   | Quit the game

Illustrated notes

Levels and vault maps discovered:
D:1:      dpeg_cavernosity, layout_basic, minmay_tetromino_t2
D:2:      layout_basic, uniq_jessica
D:3:      layout_loops_ring, lemuel_round_altar
D:4:      layout_basic, serial_co_window_serial, co_window_corner_a,
          co_window_paths_b, co_window_paths_a, co_window_corner_a,
          co_window_paths_a, co_window_unsneaky_path_a, co_window_corner_b,
          co_window_corner_ca, co_window_cross_3, co_window_2corner,
          co_window_unsneaky_path_e, co_window_4corner_b, co_window_4corner_a,
          glass_columns_a, glass_columns_a, nicolae_alphabet_shops
D:5:      layout_basic, uniq_sigmund, uniq_grinder, uniq_eustachio
D:6:      layout_basic, grunt_temple_overflow_bloody_war, minmay_manual_monolith
D:7:      layout_basic, minmay_temple_entry_mini_moons,
          kennysheep_generic_room_13, uniq_duvessa
D:8:      layout_rooms, serial_shops, nicolae_shop_peninsula,
          uniq_prince_ribbit1
D:9:      layout_cave_pools, grunt_ministairs_4, uniq_psyche
D:10:     kennysheep_spiral_hall, layout_long_grid, nicolae_trove_entry_columns
D:11:     layout_basic, grunt_lair_entry_orc_guard_hut,
          kennysheep_generic_room_12
Temple:   compressed_dpeg_triangle_lava_temple
Lair:1:   layout_long_grid, portal_ice_cave_entry_pillars_2,
          chequers_serial_rivers_micro_e, uniq_sonja
Lair:2:   layout_roguey
Lair:3:   layout_long_grid, swamp_mist, nicolae_spider_entry_lesser_pyramids,
          gauntlet_entry_generic

Skill      XL: |  1  2  3  4  5  6  7  8  9 10 11 12 13 |
---------------+----------------------------------------+-----
Invocations    | 1 2 3 4 5 6 7 8 9 |  9.7
Fighting       | 1 2 3 5 6 7 8 |  8.9
Short Blades   | 1 2 3 5 7 9 10 11 | 11.6
Long Blades    | 1 2 3 5 6 7 8 |  8.9
Axes           | 1 2 3 5 6 7 8 |  8.9
Maces & Flails | 1 2 3 5 6 7 8 |  8.9
Polearms       | 1 2 3 5 6 7 8 |  8.9
Staves         | 1 2 3 5 6 7 8 |  8.9
Ranged Weapons | 1 2 3 5 6 7 8 |  8.9
Throwing       | 1 2 3 5 6 7 8 |  8.9
Armour         | 1 2 3 5 6 7 8 |  8.9
Dodging        | 1 2 3 5 6 7 8 |  8.9
Stealth        | 1 2 3 5 6 7 8 |  8.9
Shields        | 1 2 3 5 6 7 8 |  8.9
Unarmed Combat | 1 2 3 5 6 7 8 |  8.9
Spellcasting   | 3 4 5 6 7 8 9 |  9.4
Hexes          | 1 2 3 4 5 6 7 |  7.4
Summonings     | 1 2 3 4 5 6 7 |  7.4
Necromancy     | 1 2 3 4 5 6 7 |  7.4
Translocations | 1 2 3 4 5 6 7 |  7.4
Transmutations | 1 2 3 4 5 6 7 |  7.4
Fire Magic     | 1 2 3 4 5 6 7 |  7.4
Ice Magic      | 1 2 3 4 5 6 7 |  7.4
Earth Magic    | 1 2 3 4 5 6 7 |  7.4
Poison Magic   | 1 2 3 4 5 6 7 |  7.4
Evocations     | 3 4 5 6 7 8 9 |  9.3
Air Magic      | 9 10 11 | 11.4
Conjurations   | 6 7 8 9 |  9.3

Action                     |  1- 3 |  4- 6 |  7- 9 | 10-12 | 13-15 || total
---------------------------+-------+-------+-------+-------+-------++-------
  Melee: Rapier            |       |       |       |   105 |    21 ||   126
         Mace              |       |       |       |    11 |       ||    11
         Bite              |       |       |       |    17 |     7 ||    24
         Punch             |       |       |       |     3 |     4 ||     7
         Staff             |       |       |       |       |    14 ||    14
   Fire: Orcbow            |       |       |       |   101 |    63 ||   164
  Throw: Dart              |       |       |       |     8 |       ||     8
   Cast: Shock             |    54 |    66 |   131 |   150 |    40 ||   441
         Static Discharge  |       |    19 |    45 |    81 |    18 ||   163
         Searing Ray       |       |     9 |    18 |    14 |     1 ||    42
         Frozen Ramparts   |       |       |     1 |    27 |     5 ||    33
         Freezing Cloud    |       |       |       |    85 |    35 ||   120
         Fireball          |       |       |       |       |    10 ||    10
         Plasma Beam       |       |       |       |       |     4 ||     4
 Invoke: Curse Item        |       |       |       |     3 |     1 ||     4
  Evoke: Wand              |       |       |     2 |    12 |       ||    14
    Use: Scroll            |       |     3 |     2 |    12 |     2 ||    19
         Potion            |       |       |     1 |     2 |     7 ||    10
   Stab: Sleeping          |       |       |       |     1 |       ||     1
 Armour: Robe              |       |     6 |     8 |    45 |    10 ||    69
  Dodge: Dodged            |     8 |     7 |    51 |   165 |    30 ||   261

Table legend: (Time is in decaauts)
 A = Elapsed time spent in this place.
 B = Non-inter-level travel time spent in this place.
 C = Inter-level travel time spent in this place.
 D = Time resting spent in this place.
 E = Time spent auto-exploring this place.
 F = Levels seen in this place.
 G = Mean time per level.
                   A        B        C        D        E       F      G
               +--------+--------+--------+--------+--------+-----+--------+
         Total |  20561 |  19040 |   1521 |   1989 |  13680 |  17 | 1209.5 |
       Dungeon |  14469 |  13140 |   1329 |   1008 |   9894 |  11 | 1315.4 |
        Temple |    390 |    365 |     25 |      0 |    352 |   1 |  390.0 |
          Lair |   4412 |   4245 |    167 |    458 |   3095 |   3 | 1470.7 |
      Ice Cave |    513 |    513 |      0 |    366 |      0 |   1 |  513.0 |
      Gauntlet |    774 |    774 |      0 |    156 |    339 |   1 |  774.0 |
               +--------+--------+--------+--------+--------+-----+--------+

Top non-repeatable levels by time:
     D:5: 2680 daAuts
  Lair:1: 1807 daAuts
     D:7: 1585 daAuts
    D:10: 1478 daAuts
     D:4: 1388 daAuts
  Lair:2: 1357 daAuts
  Lair:3: 1248 daAuts
     D:8: 1210 daAuts
    D:11: 1190 daAuts
     D:9: 1151 daAuts
     D:1: 1084 daAuts
     D:2: 966 daAuts
     D:3: 902 daAuts
     D:6: 831 daAuts
Gauntlet: 774 daAuts
